 Dungeon Crawl Stone Soup version bcrawl-1.38.3 (webtiles) character file.

Game seed: 538859483414390915

104825 Morbidden the Sneak (level 4, -2/25 HPs)
             Began as a Skeleton Archaeologist on July 3, 2023.
             Slain by a worm (4 damage)
             ... on level 3 of the Dungeon.
             The game lasted 00:04:04 (2477 turns).

Morbidden the Sneak (Skeleton Archaeologist)        Turns: 2477, Time: 00:04:05

Health: -2/25      AC: 11    Str: 17 (18) XL:     4   Next: 21%
Magic:  0/5        EV:  8    Int: 12 (13) God:
Gold:   190        SH:  0    Dex:  5 (7)  Spells: 5/5 levels left

rFire    . . .     GDR:     17% a - +0 mace
rCold    + . .     SeeInvis .   (no shield)
rNeg     + + +     Gourm    .   m - +0 chain mail
rPois    ∞         Faith    .   d - +1 hat
rElec    .         Spirit   +   (no cloak)
rCorr    .         Reflect  .   (no gloves)
MR       .....                  e - +1 pair of boots
Stlth    ..........             (no amulet)
HPRegen  0.14/turn              (no ring)
MPRegen  0.09/turn              (no ring)

@: no status effects
A: no food or potions, cold resistance 1, deterioration 1, negative energy
resistance 3, torment resistance, unbreathing, magic shield, sturdy frame 1,
spell healing
a: no special abilities


You were on level 3 of the Dungeon.
You were not hungry.

You visited 1 branch of the dungeon, and saw 3 of its levels.

You collected 190 gold pieces.

Inventory:

Hand Weapons
 a - a +0 mace (weapon)
 b - a +0 blowgun
Armour
 d - a +1 hat (worn)
 e - a +1 pair of boots (worn)
 m - a +0 chain mail (worn)
Scrolls
 g - a scroll of magic mapping
 i - 4 scrolls of identify
 j - 3 scrolls of teleportation {unknown}
 k - a scroll of amnesia {unknown}
 l - a scroll of enchant armour {unknown}
Miscellaneous
 h - a dusty tome


   Skills:
 * Level 1.5 Fighting
 * Level 2.9 Maces & Flails
 * Level 1.2 Armour
 * Level 3.7 Dodging
 + Level 3.9 Stealth
 * Level 1.2 Spellcasting


You had 5 spell levels left.
You didn't know any spells.
Your spell library was empty.

Dungeon Overview and Level Annotations

Branches:
Dungeon (3/12)

Altars:


Innate Abilities, Weirdness & Mutations

You do not eat or drink.
You are immune to poison.
Your flesh is cold resistant. (rC+)
Your body sometimes deteriorates upon taking damage.
You are immune to negative energy. (rN+++)
You are immune to unholy pain and torment.
You can survive without breathing.
When hurt, damage is shared between your health and your magic reserves.
Your movements are slightly less encumbered by armour. (ER -2)
Casting spells heals you.


Message History

You can't drink.
Unknown command.
Unknown command.
You hit the orc but do no damage.
The orc is severely wounded.
The orc closely misses you. The worm bites you but does no damage.
The orc hits you with a cursed -3 dagger.
* * * LOW HITPOINT WARNING * * *
An orc comes into view. It is wielding a +0 dagger.
Unknown command.
Unknown command.
The orc shouts!
You hit the orc but do no damage.
The orc is severely wounded.
The orc barely misses you. The worm bites you but does no damage.
Unknown command.
You barely miss the orc.
The orc is severely wounded.
The orc barely misses you. The worm bites you.
You die...

#.##.........# #.##...
###.##..###..########o##.<.
#.............†....S.......
####...######..######.!.S..
#####.### ##.# ####... #.....#
#.## ###...... ##.#####
#..###...##...
#.†##############o....####...
#..#........w@oo.....!........
#....#############....########
###### #..$.# #....# ######


You could see a worm and 3 orcs.

Vanquished Creatures
  An adder (D:3)
  2 worms (D:2)
  3 dart slugs
  4 leopard geckos (D:1)
  An orc (D:3)
  5 bats
  2 giant cockroaches (D:2)
  10 hobgoblins
  7 jackals
  4 kobolds
  A quokka (D:2)
  4 ball pythons
  2 frilled lizards
  A goblin (D:2)
  3 rats
50 creatures vanquished.

Notes
Turn   | Place    | Note
-------+----------+-------------------------------------------
     0 | D:1      | Morbidden the Skeleton Archaeologist began the quest for
                  | the Orb.
     0 | D:1      | Reached XP level 1. HP: 12/12 MP: 1/1
   201 | D:1      | Reached XP level 2. HP: 8/16 MP: 2/2
   549 | D:1      | Reached skill level 1 in Spellcasting
   853 | D:1      | Reached XP level 3. HP: 18/20 MP: 2/4
  1259 | D:2      | Found a blossoming altar of Fedhas.
  2027 | D:2      | Reached skill level 1 in Armour
  2411 | D:3      | Reached XP level 4. HP: 6/25 MP: 5/5
  2475 | D:3      | HP: 1/25 [orc/cursed -3 dagger (2)]
  2477 | D:3      | Slain by a worm

Skill      XL: |  1  2  3 |
---------------+----------+-----
Spellcasting   | 1 |  1.2
Maces & Flails | 2 |  2.9
Armour         | 1 |  1.2
Fighting       | |  1.5
Dodging        | |  3.7
Stealth        | |  3.9

Action                   |  1- 3 |  4- 6 || total
-------------------------+-------+-------++-------
Melee: Whip              |   234 |       ||   234
       Mace              |    66 |     9 ||    75
 Fire: Blowgun           |       |     6 ||     6
  Use: Scroll            |     1 |       ||     1
 Stab: Sleeping          |     2 |       ||     2
Armor: Robe              |   125 |       ||   125
       Chain mail        |    16 |     5 ||    21
Dodge: Dodged            |   240 |     9 ||   249
